AoeStats
← Ego.rolplayer

Nomad

508813665Analyzed
4v4 RM · 9d ago on Sep 24, 2026· 52m 20s· 8 players
Game mode
Random Map
Map size
231×231
Population
200
Speed
Normal
Resources
Standard
Victory
Conquest
Starting age
Dark Age
Ending age
Imperial Age
RankedLock teamsTeams togetherTeam positionsShared explorationLock speedFull tech treeHidden civsTurbo modeCheats
Victory
Defeat
🇲🇽 Muisca · Mexico
1259
+12
🇭🇰 Huns · Hong Kong SAR China
1192
+15
🇲🇴 Goths · Macao SAR China
1188
+15
🇺🇸 Varangians · United States
1129
+17
🇦🇷 Byzantines · Argentina
1270
-19
🇨🇱 Maya · Chile
1174
-15
🇦🇷 Vietnamese · Argentina
1125
-13
🇦🇷 Spanish · Argentina
1100
-12
tmanubrium
6:45 Loom
14:38 Feudal Age
15:02 Fishing Lines
15:20 Double-Bit Axe
16:57 Wheelbarrow
17:48 Fletching
20:38 Castle Age
20:55 Forging
21:35 Medium Warships
32:36 Bow Saw
32:36 Bodkin Arrow
34:59 Gold Mining
36:03 Padded Archer Armor
36:34 Gillnets
37:31 Elite Skirmisher
39:43 Ballistics
42:17 Leather Archer Armor
46:29 Hand Cart
河北彩花
3:45 Loom
15:22 Feudal Age
15:59 Double-Bit Axe
16:45 Fishing Lines
18:29 Wheelbarrow
21:23 Castle Age
20:21 Fletching
21:17 Stone Mining
22:25 Bow Saw
22:55 Medium Warships
24:03 Hand Cart
24:08 Town Watch
24:39 Bodkin Arrow
25:33 Gillnets
28:22 Careening
28:41 Ballistics
28:39 Gold Mining
32:29 Demolition Ship
37:25 Imperial Age
35:19 Squires
36:03 Anarchy
39:19 Scale Mail Armor
39:29 Forging
39:43 Conscription
40:15 Elite Huskarl
41:28 Chain Mail Armor
42:36 Iron Casting
43:46 Two-Man Saw
44:34 Blast Furnace
43:27 Man-at-Arms
46:28 Chemistry
45:59 Long Swordsman
46:39 Pikeman
46:42 Two-Handed Swordsman
48:44 Halberdier
50:56 Champion
Ratchet2krox
4:29 Loom
14:44 Feudal Age
16:34 Double-Bit Axe
19:16 Castle Age
17:41 Horse Collar
18:53 Fishing Lines
20:44 Squires
20:56 Forging
20:46 Scale Mail Armor
22:26 Iron Casting
31:23 Chain Mail Armor
36:16 Imperial Age
34:22 Wheelbarrow
36:55 Herbalism
37:29 Plate Mail Armor
37:28 Champi Runner
37:30 Elite Temple Guard
38:41 Conscription
38:17 Champi Warrior
39:10 Bow Saw
39:06 Fletching
40:20 Bodkin Arrow
40:26 Padded Archer Armor
41:22 Elite Champi Warrior
42:38 Gold Mining
46:45 Huaracas
47:51 Elite Guecha Warrior
49:04 Bracer
49:19 Leather Archer Armor
51:42 Chemistry
慌狂的鼹鼠
15:04 Feudal Age
15:57 Double-Bit Axe
18:39 Castle Age
18:04 Loom
19:39 Fletching
19:49 Padded Archer Armor
19:43 Gold Mining
20:30 Bow Saw
21:49 Bodkin Arrow
22:11 Leather Archer Armor
24:14 Wheelbarrow
25:39 Ballistics
26:54 Bloodlines
27:46 Husbandry
33:20 Imperial Age
39:40 Scale Barding Armor
41:48 Elite Skirmisher
45:22 Horse Collar
45:22 Cavalier
46:25 Chain Barding Armor
46:36 Heavy Plow
47:43 Forging
48:30 Plate Barding Armor
50:44 Hand Cart
50:14 Town Watch
51:58 Iron Casting
Ego.rolplayer
6:20 Loom
15:12 Feudal Age
16:06 Fishing Lines
20:12 Castle Age
19:23 Double-Bit Axe
21:45 Fletching
29:41 Elite Skirmisher
30:40 Horse Collar
33:49 Heavy Plow
39:27 Bow Saw
40:29 Wheelbarrow
45:17 Imperial Age
42:37 Town Watch
45:47 Hand Cart
48:12 Conscription
48:21 Bloodlines
47:32 Light Cavalry
48:12 Husbandry
48:37 Scale Barding Armor
52:32 Ballistics
dansanti
3:36 Loom
12:47 Feudal Age
19:17 Castle Age
17:24 Double-Bit Axe
19:05 Fletching
26:16 Crossbowman
28:26 Elite Skirmisher
44:13 Imperial Age
45:40 Thumb Ring
ºSS | ELwER
5:03 Loom
14:09 Feudal Age
15:35 Gold Mining
17:02 Double-Bit Axe
22:29 Castle Age
20:22 Stone Mining
20:14 Horse Collar
22:54 Fletching
23:22 Bow Saw
23:49 Medium Warships
24:49 Wheelbarrow
26:24 Clinker Construction
26:48 Padded Archer Armor
27:29 Heavy Plow
28:10 Bodkin Arrow
31:14 Elite Skirmisher
31:59 Crossbowman
32:44 Thumb Ring
33:57 Leather Archer Armor
35:36 Ballistics
36:18 Fishing Lines
39:37 Imperial Age
38:00 Hand Cart
40:46 Conscription
40:32 Bracer
43:18 Two-Man Saw
44:19 Chemistry
43:15 Arbalester
45:02 Crop Rotation
44:57 Treadmill Crane
45:13 Murder Holes
49:00 Ring Archer Armor
50:59 Scale Barding Armor
51:05 Forging
51:13 Onager
PedroAOE
10:51 Loom
13:32 Feudal Age
18:18 Castle Age
18:41 Wheelbarrow
19:12 Fletching
19:59 Double-Bit Axe
26:27 Padded Archer Armor
30:16 Bodkin Arrow
35:36 Bow Saw
35:07 Horse Collar
35:18 Gold Mining
35:45 Hand Cart
35:20 Town Watch
37:52 Leather Archer Armor
41:19 Bloodlines
41:15 Husbandry
43:56 Thumb Ring
45:56 Heavy Plow
46:56 Pikeman
50:14 Imperial Age
49:14 Arson
48:50 Man-at-Arms
49:31 Squires
49:33 Scale Mail Armor
49:44 Forging
50:01 Long Swordsman
50:57 Chain Mail Armor
50:35 Elite Fire Lancer
50:47 Two-Handed Swordsman
52:04 Iron Casting
Connection lost

Rejoining the realm…

Still unreachable

The connection could not be restored.

Session expired

The server has moved on; the page needs a fresh start.